 Dungeon Crawl Stone Soup version 0.26-a0-610-g3e9335bbc7 (webtiles) character file.

Game seed: 9704857499652069108

3063 Peloso the Carver (level 9, -3/79 HPs)
             Began as a Minotaur Fighter on Sept 4, 2020.
             Was a Priest of Okawaru.
             Killed from afar by a wretched star (11 damage)
             ... with a lance of force
             ... on level 1 of the Abyss.
             The game lasted 00:15:51 (8295 turns).

Peloso the Carver (Minotaur Fighter)                Turns: 8295, Time: 00:15:51

Health: -3/79      AC: 16    Str: 22    XL:     9   Next: 57%
Magic:  6/6        EV:  7    Int: 11    God:    Okawaru [***...]
Gold:   201        SH: 13    Dex: 14    Spells: 8/8 levels left

rFire    . . .     SeeInvis .   a - +0 long sword
rCold    . . .     Faith    .   c - +1 kite shield
rNeg     . . .     Spirit   .   F - +0 plate armour
rPois    .         Reflect  .   (helmet restricted)
rElec    .         Harm     .   (no cloak)
rCorr    .                      K - +0 pair of gloves (curse)
MR       .....                  f - +0 pair of boots (curse)
Stlth    ..........             (no amulet)
HPRegen  0.00/turn              h - +6 ring of intelligence
MPRegen  0.10/turn              E - +6 ring of dexterity

@: no status effects
A: retaliatory headbutt, horns 2, [clumsy 2], [deterioration 2], [low mp 2],
[inhibited regeneration], [subdued magic 3]
a: Heroism, Renounce Religion


You were on level 1 of the Abyss.
You worshipped Okawaru.
Okawaru was most pleased with you.
You visited 1 branch of the dungeon, and saw 8 of its levels.
You visited the Abyss 1 time.

You collected 366 gold pieces.
You spent 165 gold pieces at shops.

Inventory:

Hand Weapons
 a - a +0 long sword (weapon)
 b - the +1 whip "Conservator" {flame, +Rage rElec rF++ Stlth-}
   (You found it on level 5 of the Dungeon)

   It has been specially enchanted to burn those struck by it, causing extra
   injury to most foes and up to half again as much damage against particularly
   susceptible opponents.
   It greatly protects you from fire.
   It insulates you from electricity.
   It lets you go berserk.
   It makes you less stealthy.
Missiles
 j - 14 bolts
Armour
 c - a +1 kite shield (worn)
 f - a cursed +0 pair of boots (worn)
 q - a +0 chain mail
 w - a +0 pair of boots
 F - a +0 plate armour (worn)
 K - a cursed +0 pair of gloves (worn)
Jewellery
 h - a +6 ring of intelligence (left hand)
 D - an uncursed ring of magical power
 E - a +6 ring of dexterity (right hand)
 J - an uncursed ring of fire
Wands
 n - a wand of acid (9)
 t - a wand of iceblast (10)
 H - a wand of polymorph (20)
 I - a wand of flame (10)
Scrolls
 e - 2 scrolls of amnesia
 g - 4 scrolls of remove curse
 o - 3 scrolls of enchant armour
 r - 2 scrolls of enchant weapon {unknown}
 s - 2 scrolls of fear
 v - a scroll of immolation {unknown}
 C - a scroll of random uselessness {unknown}
 G - a scroll of acquirement {unknown}
 M - a scroll of brand weapon {unknown}
 N - 2 scrolls of blinking
Potions
 d - 2 potions of might
 k - 3 potions of resistance
 l - 3 potions of flight
 m - 2 potions of brilliance
 p - a potion of ambrosia
 u - a potion of invisibility
 x - 3 potions of cancellation
 z - a potion of heal wounds
 A - 2 potions of curing
 B - a potion of mutation


   Skills:
 + Level 7.6 Fighting
 + Level 9.7 Long Blades
 + Level 7.4 Armour
 + Level 2.9 Dodging
 + Level 0.3 Stealth
 + Level 9.1 Shields
 + Level 0.2 Invocations


You had 8 spell levels left.
You didn't know any spells.
Your spell library contained the following spells:

 Spells                   Type           Power        Failure   Level
 Animate Skeleton         Necr           #.....       100%        1
 Apportation              Tloc           #.....       100%        1
 Corona                   Hex            #......      100%        1
 Magic Dart               Conj           #...         100%        1
 Sandblast                Erth           #.....       100%        1
 Summon Small Mammal      Summ           #...         100%        1
 Blink                    Tloc           N/A          100%        2
 Call Imp                 Summ           #.......     100%        2
 Passwall                 Tmut/Erth      #.......     100%        2
 Slow                     Hex            #.......     100%        2
 Call Canine Familiar     Summ           #.......     100%        3
 Conjure Flame            Conj/Fire      #.......     100%        3
 Mephitic Cloud           Conj/Pois/Air  #.......     100%        3
 Stone Arrow              Conj/Erth      #.....       100%        3
 Summon Guardian Golem    Hex/Summ       #.......     100%        3
 Petrify                  Tmut/Erth      #.......     100%        4
 Summon Ice Beast         Ice/Summ       #.......     100%        4
 Summon Lightning Spire   Summ/Air       #.......     100%        4
 Lee's Rapid Deconstruct  Erth           #.........   100%        5


Dungeon Overview and Level Annotations

Branches:
Dungeon (8/15)             Temple (0/1) D:7
   Lair: D:8-11

Altars:
Dithmenos
Fedhas
Makhleb
Okawaru
Qazlal
Ru
Trog
Vehumet
Yredelemnul

Shops:
D:5 !

Annotations:
D:8 Maggie


Innate Abilities, Weirdness & Mutations

You reflexively headbutt those who attack you in melee.
You have a pair of horns on your head.
[You are very clumsy. (Dex -4)]
[Your body often deteriorates upon taking damage.]
[Your magical capacity is very low. (-20% MP)]
[You do not regenerate when monsters are visible.]
[Your spells are much easier to cast, but much less powerful.]


Message History

Unknown command.
You hit the wretched star but do no damage.
The wretched star is severely damaged.
The wretched star pulses with an eldritch light!
You feel clumsy. x2
Unknown command.
You barely miss the wretched star. Your headbutt misses the wretched star.
The wretched star is severely damaged.
The wretched star pulses with an eldritch light!
Your connection to magic feels nearly dormant.
You closely miss the wretched star.
The wretched star is severely damaged.
You closely miss the wretched star.
The wretched star is severely damaged.
Unknown command.
You slash the wretched star! Your headbutt misses the wretched star.
The wretched star is almost destroyed.
The wretched star glows turbulently.
The lance of force hits you!
You die...

# . #. #.##
#..# ... #
# #.#####
.# #.@#..
.##
#.*#.##...#
### #### ##
.. ....#..#
##....#..
.#.# #.....
.# #..#
.########
#!.# # #


You could see a wretched star.

Vanquished Creatures
  An ancient zyme (Abyss:1)
  Sigmund (D:4)
  A chaos spawn (Abyss:1)
  2 ice beasts
  An orc warrior (D:6)
  2 sky beasts (D:7)
  4 phantoms
  3 centaurs
  2 bullfrogs
  3 scorpions
  2 centaur zombies
  2 jellies
  2 orc priests
  10 hounds
  2 orc wizards
  2 centaur skeletons
  4 iguanas
  4 worker ants
  A hound skeleton (D:4)
  2 worker ant zombies
  A howler monkey zombie (D:4)
  7 gnolls
  11 adders
  3 shadow imps
  A white imp (D:8)
  3 oozes
  An adder zombie (D:7)
  2 adder skeletons (D:4)
  3 worms
  4 leopard geckos
  27 orcs
  4 ball pythons
  9 bats
  6 giant cockroaches
  6 goblins
  8 hobgoblins
  4 jackals (D:3)
  A quokka (D:5)
  5 frilled lizards
  A jackal zombie (D:5)
  6 kobolds
  A quokka zombie (D:6)
  12 rats
  A spectral orc (D:6)
178 creatures vanquished.

Notes
Turn   | Place    | Note
-------+----------+-------------------------------------------
     0 | D:1      | Peloso the Minotaur Fighter began the quest for the Orb.
     0 | D:1      | Reached XP level 1. HP: 19/19 MP: 0/0
   262 | D:1      | Reached XP level 2. HP: 27/27 MP: 1/1
   736 | D:1      | Reached XP level 3. HP: 33/33 MP: 2/2
  1085 | D:2      | Reached XP level 4. HP: 32/40 MP: 3/3
  1168 | D:2      | Found a bloodstained altar of Trog.
  2033 | D:3      | Reached XP level 5. HP: 42/47 MP: 4/4
  2364 | D:3      | Found a burning altar of Makhleb.
  2379 | D:3      | Reached skill level 5 in Fighting
  2665 | D:3      | Found a stormy altar of Qazlal.
  2679 | D:3      | Reached skill level 5 in Shields
  2679 | D:3      | Reached XP level 6. HP: 56/56 MP: 5/5
  2773 | D:4      | Noticed Sigmund
  3151 | D:4      | Killed Sigmund
  3151 | D:4      | Reached skill level 5 in Long Blades
  3151 | D:4      | Reached skill level 5 in Armour
  3151 | D:4      | Reached skill level 1 in Dodging
  3272 | D:4      | Reached XP level 7. HP: 61/61 MP: 6/6
  3745 | D:4      | Found an iron altar of Okawaru.
  3756 | D:4      | Became a worshipper of Warmaster Okawaru
  3805 | D:5      | Entered Level 5 of the Dungeon
  4035 | D:5      | Reached * piety under Okawaru
  4043 | D:5      | Got a buzzing whip
  4044 | D:5      | Identified the cursed +1 whip "Conservator" {flame, +Rage
                  | rElec rF++ Stlth-} (You found it on level 5 of the Dungeon)
  4166 | D:5      | Reached XP level 8. HP: 62/70 MP: 7/7
  4523 | D:5      | Found Daosuwna's Distillery.
  4526 | D:5      | Bought a potion of curing for 45 gold pieces
  4526 | D:5      | Bought a potion of mutation for 120 gold pieces
  4735 | D:6      | Found a blossoming altar of Fedhas.
  5447 | D:6      | Found a basalt altar of Yredelemnul.
  5918 | D:7      | Reached ** piety under Okawaru
  6091 | D:7      | Found a staircase to the Ecumenical Temple.
  6114 | D:7      | Reached XP level 9. HP: 72/78 MP: 8/8
  7101 | D:7      | Found a sacrificial altar of Ru.
  7102 | D:7      | Found a radiant altar of Vehumet.
  7477 | D:8      | Found a shadowy altar of Dithmenos.
  7523 | D:8      | Reached *** piety under Okawaru
  7542 | D:8      | Noticed Maggie
  7551 | D:8      | Cast into level 1 of the Abyss (Maggie)
  7622 | Abyss:1  | Noticed an ancient zyme
  7641 | Abyss:1  | Killed an ancient zyme
  7660 | Abyss:1  | Noticed a bone dragon
  8273 | Abyss:1  | Noticed a wretched star
  8295 | Abyss:1  | Killed from afar by a wretched star

Illustrated notes

Levels and vault maps discovered:
D:1:      dpeg_arrival_houses_and_road, layout_rooms, serial_co_window_serial,
          co_window_corner_a, co_window_paths_a, co_window_paths_b,
          co_window_paths_b, co_window_cross_1, co_window_corner_b,
          co_window_of_opportunity_c, co_window_unsneaky_path_e,
          co_window_broadway_a, co_window_paths_d, glass_columns_a,
          glass_columns_a, glass_columns_b, glass_columns_c, glass_columns_b
D:2:      layout_loops_ring, overflow_temple_1_default
D:3:      layout_basic, nicolae_qazlal_eye_of_the_storm,
          makhleb_blood_cavern_becter, st_stairs_4
D:4:      layout_cave_pools, okawaru_altar_gauntlet_db, uniq_sigmund
D:5:      layout_loops_cross, serial_shops, shop
D:6:      layout_basic, lemuel_coloured_pillars_altar,
          yredelemnul_forgotten_temple_becter
D:7:      layout_layer_cave, gammafunk_temple_overflow_pools,
          minmay_temple_entry_butterflies
D:8:      layout_rooms, old_standard_altar, nemelex_xobeh_ov_fountains_minmay,
          uniq_maggie
Abyss:1:  base: D:3, hangedman_cross_veins

Skill      XL: |  1  2  3  4  5  6  7  8  9 |
---------------+----------------------------+-----
Fighting       | 4 5 6 7 |  7.6
Shields        | 4 5 6 8 9 |  9.1
Armour         | 4 5 6 7 |  7.4
Long Blades    | 3 4 5 6 8 9 |  9.7
Dodging        | 1 2 |  2.9
Stealth        | |  0.3
Invocations    | |  0.2

Action                   |  1- 3 |  4- 6 |  7- 9 || total
-------------------------+-------+-------+-------++-------
Melee: Long sword        |    61 |   150 |   369 ||   580
       Headbutt          |    12 |    30 |   101 ||   143
       Whip              |       |       |     3 ||     3
Invok: Heroism           |       |       |     3 ||     3
  Use: Scroll            |     4 |       |    14 ||    18
       Potion            |     1 |       |       ||     1
Armor: Scale mail        |    27 |    63 |       ||    90
       Chain mail        |       |    10 |    70 ||    80
       Plate armour      |       |       |    74 ||    74
Dodge: Dodged            |    15 |    47 |    88 ||   150
Block: Kite shield       |    26 |   102 |   187 ||   315
       Rpst.: Long sword |     3 |    12 |    28 ||    43

Table legend: (Time is in decaauts)
 A = Elapsed time spent in this place.
 B = Non-inter-level travel time spent in this place.
 C = Inter-level travel time spent in this place.
 D = Time resting spent in this place.
 E = Time spent auto-exploring this place.
 F = Levels seen in this place.
 G = Mean time per level.
                   A        B        C        D        E       F      G
               +--------+--------+--------+--------+--------+-----+--------+
         Total |   8380 |   8205 |    175 |    840 |   5630 |   9 |  931.1 |
       Dungeon |   7639 |   7464 |    175 |    533 |   5368 |   8 |  954.9 |
         Abyss |    741 |    741 |      0 |    307 |    262 |   1 |  741.0 |
               +--------+--------+--------+--------+--------+-----+--------+

Top non-repeatable levels by time:
     D:7: 1510 daAuts
     D:6: 1209 daAuts
     D:3: 1124 daAuts
     D:2: 1122 daAuts
     D:1: 918 daAuts
     D:4: 865 daAuts
 Abyss:1: 741 daAuts
     D:5: 740 daAuts
     D:8: 147 daAuts
